 Dungeon Crawl Stone Soup version bcrawl-1.15 (webtiles) character file.

Game seed: 4594543212305662600

382 MisterOstroum the Magician (level 6, 0/39 HPs)
             Began as a Skeleton Reaver on Sept 22, 2019.
             Was a Believer of Vehumet.
             Slain by Duvessa
             ... wielding a +0 rapier of speed
              (10 damage)
             ... on level 4 of the Dungeon.
             The game lasted 00:08:26 (3517 turns).

MisterOstroum the Magician (Skeleton Reaver)        Turns: 3517, Time: 00:08:27

Health: 0/39       AC:  7    Str: 19      XL:     6   Next: 47%
Magic:  0/13       EV: 12    Int: 12 (13) God:    Vehumet [**....]
Gold:   314        SH:  0    Dex:  6 (7)  Spells: 13/15 levels left

rFire    . . .     SeeInvis .   s - +1 trident (freeze)
rCold    + . .     Gourm    .   (no shield)
rNeg     + + +     Faith    .   n - +0 steam dragon scales
rPois    ∞         Spirit   +   (no helmet)
rElec    .         Reflect  .   g - +0 cloak
rCorr    .         Harm     .   j - +0 pair of gloves
MR       .....                  (no boots)
Stlth    +.........             q - amulet of rage
HPRegen  0.13/turn              (no ring)
MPRegen  0.13/turn              (no ring)

@: no status effects
A: no food or potions, cold resistance 1, deterioration 1, negative energy
resistance 3, powered by death 1, torment resistance, unbreathing, magic shield,
sturdy frame 1, spell healing
a: Renounce Religion


You were on level 4 of the Dungeon.
You worshipped Vehumet.
Vehumet was pleased with you.
You were not hungry.

You visited 1 branch of the dungeon, and saw 4 of its levels.

You collected 314 gold pieces.

Inventory:

Hand Weapons
 a - a +1 trident
 b - a +0 hunting sling
 l - a +0 short sword
 m - a +0 dagger of venom
 s - a +1 trident of freezing (weapon)
Missiles
 k - 504 stones (quivered)
 o - 141 bolts
 p - 737 arrows
 r - 506 sling bullets
Armour
 g - a +0 cloak (worn)
 j - a +0 pair of gloves (worn)
 n - +0 steam dragon scales (worn)
Jewellery
 q - an amulet of rage (around neck)
Scrolls
 c - a scroll of immolation
 d - a scroll of teleportation {unknown}
 e - a scroll of identify {@r1}
 f - 2 scrolls of enchant weapon
 h - a scroll of remove curse {unknown}
 i - a scroll of amnesia {unknown}


   Skills:
 + Level 4.3 Fighting
 + Level 4.9 Polearms
 - Level 3.0 Dodging
 + Level 5.2 Spellcasting
 * Level 3.0 Conjurations
 * Level 2.5 Poison Magic


You had 13 spell levels left.
You knew the following spells:

 Your Spells              Type           Power        Failure   Level  Hunger
a - Sting                 Conj/Pois      #...         6%          1    N/A
b - Flame Tongue          Conj/Fire      #....        11%         1    N/A

Your spell library contained the following spells:

 Spells                   Type           Power        Failure   Level  Hunger
 Iskenderun's Battlesphe  Conj/Chrm      #.......     96%         5    N/A

Dungeon Overview and Level Annotations

Branches:
Dungeon (4/12)
 Temple: D:4-7

Altars:
Cheibriados

Annotations:
D:4 Duvessa


Innate Abilities, Weirdness & Mutations

You do not eat or drink.
You are immune to poison.
Your flesh is cold resistant. (rC+)
Your body sometimes deteriorates upon taking damage.
You are immune to negative energy. (rN+++)
You regenerate a little health from kills.
You are immune to unholy pain and torment.
You can survive without breathing.
When hurt, damage is shared between your health and your magic reserves.
Your movements are slightly less encumbered by armour. (ER -2)
Casting spells heals you.


Message History

Casting: Flame Tongue (safe; 11% risk of failure)
Confirm with . or Enter, or press ? or * to list all spells.
Aiming: Sting (safe; 6% risk of failure)
Press: ? - help, Shift-Dir - straight line, f - Dowan
Aim: Dowan, wielding a +0 dagger and wearing a +0 robe The sting hits Dowan.
Dowan is poisoned.
Dowan is lightly wounded.
Casting: Sting (safe; 6% risk of failure)
Confirm with . or Enter, or press ? or * to list all spells.
Aiming: Sting (safe; 6% risk of failure)
Press: ? - help, Shift-Dir - straight line, f/p - Dowan
Aim: Dowan, wielding a +0 dagger and wearing a +0 robe (moderately wounded, poisoned)
The sting hits Dowan.
Dowan looks even sicker.
Dowan is moderately wounded.
Throwing (i - inventory)
k - 505 stones (quivered)
Press: ? - help, Shift-Dir - straight line, f/p - Dowan
Aim: Dowan, wielding a +0 dagger and wearing a +0 robe (moderately wounded, poisoned)
You throw a stone. The stone closely misses Dowan.
Unknown command.
Attack whom?
Press: ? - help, Dir - move target cursor, f/p - Dowan
Aim: Dowan, wielding a +0 dagger and wearing a +0 robe (moderately wounded, poisoned)
You reach to attack!
You completely miss Dowan.
Dowan is moderately wounded.
Dowan casts a spell at you.
You easily resist.
Attack whom?
Press: ? - help, Dir - move target cursor, f/p - Dowan
Aim: Dowan, wielding a +0 dagger and wearing a +0 robe (moderately wounded, poisoned)
You reach to attack!
You closely miss Dowan.
Dowan is moderately wounded.
Dowan gestures at you while chanting.
You easily resist.
Attack whom?
Press: ? - help, Dir - move target cursor, f/p - Dowan
Aim: Dowan, wielding a +0 dagger and wearing a +0 robe (heavily wounded, poisoned)
You reach to attack!
You puncture Dowan! You freeze Dowan.
Dowan is almost dead.
Dowan points at Duvessa and mumbles some strange words.
Duvessa seems to speed up.
You kill Dowan!
Vehumet accepts your kill.
Duvessa screams in rage.
Duvessa goes berserk!
You feel your dexterity returning.
Your Conjurations skill increases to level 3!
There is a stone staircase leading up here.
Casting: Sting (safe; 6% risk of failure)
Confirm with . or Enter, or press ? or * to list all spells.
Aiming: Sting (safe; 6% risk of failure)
Press: ? - help, Shift-Dir - straight line, f - Duvessa
Aim: Duvessa, wielding a +0 rapier of speed and wearing a +0 ring mail (berserk, fast, unusually strong)
The sting hits Duvessa.
Duvessa is poisoned.
Duvessa is lightly wounded.
Duvessa hits you with a +0 rapier of speed!
Duvessa closely misses you.
You can't drink.
Okay, then.
Evoke which item? (* to show all) (? for menu, Esc to quit)
Okay, then.
Attack whom?
Press: ? - help, Dir - move target cursor, f/p - Duvessa
Aim: Duvessa, wielding a +0 rapier of speed and wearing a +0 ring mail (lightly wounded, berserk, fast, unusually strong, poisoned)
Okay, then.
Okay, then.
Casting: Sting (safe; 6% risk of failure)
Confirm with . or Enter, or press ? or * to list all spells.
Aiming: Flame Tongue (safe; 10% risk of failure)
Press: ? - help, Shift-Dir - straight line, f/p - Duvessa
Aim: Duvessa, wielding a +0 rapier of speed and wearing a +0 ring mail (lightly wounded, berserk, fast, unusually strong, poisoned)
The flame tongue hits Duvessa.
Duvessa is moderately wounded.
Duvessa hits you with a +0 rapier of speed.
Casting: Flame Tongue (safe; 10% risk of failure)
Confirm with . or Enter, or press ? or * to list all spells.
Aiming: Sting (safe; 6% risk of failure)
Press: ? - help, Shift-Dir - straight line, f/p - Duvessa
Aim: Duvessa, wielding a +0 rapier of speed and wearing a +0 ring mail (moderately wounded, berserk, fast, unusually strong, poisoned)
The sting misses Duvessa.
Duvessa barely misses you. Duvessa closely misses you.
Attack whom?
Press: ? - help, Dir - move target cursor, f/p - Duvessa
Aim: Duvessa, wielding a +0 rapier of speed and wearing a +0 ring mail (moderately wounded, berserk, fast, unusually strong, poisoned)
You hit Duvessa. You freeze Duvessa.
Duvessa is heavily wounded.
Duvessa hits you but does no damage.
Duvessa hits you with a +0 rapier of speed!
Casting: Sting (safe; 6% risk of failure)
Confirm with . or Enter, or press ? or * to list all spells.
Aiming: Sting (safe; 6% risk of failure)
Press: ? - help, Shift-Dir - straight line, f/p - Duvessa
Aim: Duvessa, wielding a +0 rapier of speed and wearing a +0 ring mail (heavily wounded, berserk, fast, unusually strong, poisoned)
The sting hits Duvessa.
Duvessa appears unharmed.
Duvessa is heavily wounded.
Duvessa hits you with a +0 rapier of speed.
Duvessa hits you with a +0 rapier of speed!
* * * LOW HITPOINT WARNING * * *
Your body deteriorates!
You feel dopey.
Duvessa hits you with a +0 rapier of speed!
You die...

#####.##[###......)...#
####.##.#
#..........###...
#....##+###..........)...#
#..........#####....###..#
#..........###......# .#
#..........+.......####..
#..........###.#<........
#.#+###......#.e......#.#
#. #........#.@......# ##
#........##.####..#
#.................#
#.......###....##.#
###......##....##.#
#.####.##........ #.#
<.########.# #. #... . ..
..###


You could see Duvessa (berserk).

Vanquished Creatures
  A phantom (D:3)
  Dowan (D:4)
  A bullfrog skeleton (D:4)
  An orc wizard (D:3)
  A worker ant (D:3)
  A hound skeleton (D:4)
  4 adders
  A shadow imp (D:4)
  An ooze (D:3)
  2 worms
  A dart slug (D:2)
  6 leopard geckos
  13 orcs
  A giant cockroach (D:3)
  9 goblins
  8 hobgoblins
  9 jackals
  6 kobolds
  A quokka (D:2)
  A ball python (D:1)
  5 bats
  A frilled lizard (D:1)
  A quokka skeleton (D:3)
  3 rats
79 creatures vanquished.

Notes
Turn   | Place    | Note
-------+----------+-------------------------------------------
     0 | D:1      | MisterOstroum the Skeleton Reaver began the quest for the
                  | Orb.
     0 | D:1      | Reached XP level 1. HP: 14/14 MP: 4/4
   203 | D:1      | Reached XP level 2. HP: 17/19 MP: 6/6
   955 | D:2      | Reached XP level 3. HP: 5/23 MP: 5/8
  1259 | D:2      | Reached skill level 4 in Spellcasting
  1345 | D:2      | Reached * piety under Vehumet
  1345 | D:2      | Offered knowledge of Sting by Vehumet.
  1908 | D:3      | Reached XP level 4. HP: 21/29 MP: 10/10
  1914 | D:3      | Learned a level 1 spell: Sting
  2025 | D:3      | Reached skill level 1 in Conjurations
  2102 | D:3      | Reached skill level 1 in Poison Magic
  2157 | D:3      | Reached XP level 5. HP: 33/33 MP: 7/11
  2362 | D:3      | Found a snail-covered altar of Cheibriados.
  2545 | D:3      | Noticed a phantom
  2619 | D:3      | Killed a phantom
  2619 | D:3      | Reached skill level 5 in Spellcasting
  2619 | D:3      | Gained mutation: You regenerate a little health from kills.
                  | [Skeleton growth]
  2619 | D:3      | Reached XP level 6. HP: 21/38 MP: 13/13
  2757 | D:3      | Reached ** piety under Vehumet
  2791 | D:3      | Offered knowledge of Flame Tongue by Vehumet.
  3226 | D:3      | Learned a level 1 spell: Flame Tongue
  3500 | D:4      | Noticed Dowan
  3500 | D:4      | Noticed Duvessa
  3510 | D:4      | Killed Dowan
  3517 | D:4      | Slain by Duvessa

Skill      XL: |  1  2  3  4  5  6 |
---------------+-------------------+-----
Polearms       | 4 |  4.9
Spellcasting   | 4 5 |  5.2
Fighting       | 4 |  4.3
Conjurations   | 1 2 3 |  3.0
Poison Magic   | 1 2 |  2.5
Dodging        | |  3.0

Action                   |  1- 3 |  4- 6 || total
-------------------------+-------+-------++-------
Melee: Trident           |   138 |   130 ||   268
 Fire: Hunting sling     |       |     4 ||     4
Throw: Stone             |       |     1 ||     1
 Cast: Sting             |       |    61 ||    61
       Flame Tongue      |       |    11 ||    11
  Use: Scroll            |       |     2 ||     2
Armor: Steam dragon scal |    49 |    53 ||   102
Dodge: Dodged            |    98 |    93 ||   191
